 Dungeon Crawl Stone Soup version 0.31-a0-358-gac0dbeb3ab (webtiles) character file.

Game seed: 11272076908538559457

31143 LeprechaunX the Martial Artist (level 13, -3/97 HPs)
             Began as an Octopode Shapeshifter on July 25, 2023.
             Was an Elder of Hepliaklqana.
             Slain by a cane toad (15 damage)
             ... on level 3 of the Lair of Beasts on July 26, 2023.
             The game lasted 00:37:19 (15914 turns).

LeprechaunX the Martial Artist (OpSh)              Turns: 15914, Time: 00:37:19

Health: -3/97      AC: 13    Str: 21    XL:     13   Next: 56%
Magic:  0/22       EV: 14    Int: 10    God:    Hepliaklqana [****..]
Gold:   898        SH:  0    Dex: 16    Spells: 21/24 levels left

rFire   . .          .
                       - Unarmed
rCold   + . .        (shield currently unavailable)
rNeg    . . .        (helmet currently unavailable)
rPois   .            g - amulet of guardian spirit
rElec   .            f - +4 ring of protection
rCorr   .            A - ring of protection from cold
SInv    .            C - ring of willpower
Will    +....        (no ring)
Stlth   +            (no ring)
HPRegen 0.36/turn    (no ring)
MPRegen 0.18/turn    (no ring)
                     (no ring)

%: guardian spirit
@: about to teleport, snake-form
A: constrict, boosted hp, reduced essence, almost no armour, amphibious, 8
rings, large, (camouflage 1), (gelatinous body 1), (nimble swimmer 1),
(tentacles)
a: Begin Untransformation, Renounce Religion, Recall Ancestor, Ancestor
Identity, Transference, Idealise


You were on level 3 of the Lair of Beasts.
You worshipped Hepliaklqana.
Hepliaklqana was greatly pleased with you.
You were an enormous anaconda.
You visited 3 branches of the dungeon, and saw 17 of its levels.
You also visited: Bailey.

You collected 898 gold pieces.

Inventory:

Hand Weapons
 a - a +0 arbalest
Missiles
 N - 2 boomerangs of dispersal
Armour
 B - a +0 kite shield
 R - a +1 hat
Jewellery
 f - a +4 ring of protection (left tentacle)
 g - an amulet of guardian spirit (around neck)
 m - an amulet of reflection
 A - a ring of protection from cold (right tentacle)
 C - a ring of willpower (on tentacle)
 K - an amulet of magic regeneration
Talismans
 b - a beast talisman
 v - a serpent talisman
 O - a maw talisman
 S - a blade talisman
Wands
 y - a wand of mindburst (1) (quivered)
 L - a wand of iceblast (8)
 T - a wand of paralysis (7)
Scrolls
 d - 2 scrolls of amnesia
 h - 5 scrolls of identify
 i - 2 scrolls of silence
 j - 3 scrolls of poison
 k - 8 scrolls of teleportation
 p - 2 scrolls of revelation {unknown}
 q - 2 scrolls of torment {unknown}
 r - a scroll of brand weapon {unknown}
 s - 2 scrolls of vulnerability
 t - 4 scrolls of noise
 u - 2 scrolls of fear {unknown}
 w - 4 scrolls of fog
 x - 4 scrolls of enchant weapon
 H - 2 scrolls of blinking {unknown}
 U - 2 scrolls of enchant armour {unknown}
 V - a scroll of acquirement {unknown}
Potions
 c - 13 potions of curing
 e - 3 potions of mutation
 n - a potion of might {unknown}
 o - 2 potions of enlightenment {unknown}
 z - 2 potions of cancellation {unknown}
 D - a potion of ambrosia {unknown}
 E - 3 potions of lignification
 F - a potion of magic {unknown}
 G - a potion of experience {unknown}
 I - 2 potions of invisibility {unknown}
 J - a potion of resistance {unknown}
 M - 2 potions of attraction {unknown}
 P - 2 potions of brilliance {unknown}
 Q - a potion of degeneration {unknown}


   Skills:
 + Level 8.8 Fighting
 + Level 9.0 Dodging
 * Level 12.4 Unarmed Combat
 - Level 6.0 Spellcasting
 + Level 5.2 Hexes
 + Level 5.5 Invocations
 * Level 10.3 Shapeshifting


You had 21 spell levels left.
You knew the following spells:

 Your Spells              Type           Power      Damage    Failure   Level
a - Dazzling Flash        Conj/Hex       16%        N/A       22%         3

Your spell library contained the following spells:

 Spells                   Type           Power      Damage    Failure   Level
 Foxfire                  Conj/Fire      12%        2x1d4     21%         1
 Summon Small Mammal      Summ           12%        N/A       21%         1
 Inner Flame              Hex/Fire       8%         N/A       22%         3
 Summon Guardian Golem    Hex/Summ       8%         N/A       22%         3
 Sublimation of Blood     Necr           3%         N/A       30%         2
 Call Canine Familiar     Summ           3%         N/A       52%         3
 Frozen Ramparts          Ice            6%         1d1       52%         3
 Ignite Poison            Fire/Tmut/Pois 3%         N/A       52%         3
 Leda's Liquefaction      Hex/Erth       4%         N/A       56%         4
 Metabolic Englaciation   Hex/Ice        4%         N/A       89%         5
 Summon Mana Viper        Hex/Summ       8%         N/A       89%         5
 Flame Wave               Conj/Fire      3%         2d5       90%         4
 Petrify                  Tmut/Erth      3%         N/A       90%         4
 Sticky Flame             Conj/Fire      3%         2d3       90%         4
 Agony                    Necr           3%         N/A       99%         5
 Arcjolt                  Conj/Air       1%         1d11      99%         5
 Fireball                 Conj/Fire      1%         3d3       99%         5
 Irradiate                Conj/Tmut      1%         3d12      99%         5
 Ignition                 Fire           1%         3d3       100%        8
 Chain Lightning          Conj/Air       1%         3d2       100%        9
 Fire Storm               Conj/Fire      1%         8d1       100%        9
 Shatter                  Erth           1%         3d6*      100%        9


Dungeon Overview and Level Annotations

Branches:
Dungeon (13/15)            Temple (1/1) D:5            Lair (3/5) D:9
  Swamp (0/4) Lair:2        Snake (0/4) Lair:3          Orc (0/2) D:10
 Bailey (visited)
 Vaults: D:13-14

Altars:
Ashenzari
Cheibriados
Dithmenos
Elyvilon
Fedhas
Gozag
Hepliaklqana
Kikubaaqudgha
Makhleb
Nemelex Xobeh
Okawaru
Qazlal
Ru
Sif Muna
Trog
Uskayaw
Vehumet
Wu Jian
Xom
Yredelemnul
Zin
The Shining One

Shops:
D:11 (

Annotations:
D:3 1 runed translucent door, Crazy Yiuf
D:12 2 transporters, knightboat's ghost, journeyman DrCj


Innate Abilities, Weirdness & Mutations

You are an enormous anaconda.
You have a powerful constriction melee attack.
Your maximum health is increased.
Your armour is entirely melded.
You are incapable of wielding weapons or throwing items.
Your life essence is reduced to manifest your ancestor. (-10% HP)
You cannot wear most types of armour.
You are amphibious.
You can wear up to eight rings at the same time.
((Your skin changes colour to match your surroundings (Stealth+).))
((Your rubbery body absorbs attacks. (AC +1, EV +1)))
((You are camouflaged when in or above water. (Stealth+)))
((You have tentacles for arms and can constrict up to eight enemies at once.))


Message History

The water moccasin bites you but does no damage.
The elephant tramples you but does no damage.
The elephant trunk-slaps you but does no damage.
The water moccasin bites you but does no damage. x5
The catoblepas gores you but does no damage.
You turn to wood and can move again.
Unknown command.
You pummel the catoblepas!!
The catoblepas is moderately wounded.
Henutemipet hits the water moccasin with a +0 quarterstaff!
The water moccasin bites you but does no damage.
Unknown command.
You pummel the catoblepas!!
You punch the catoblepas, but do no damage.
The catoblepas is heavily wounded.
The catoblepas gores you!!
* * * LOW HITPOINT WARNING * * *
Henutemipet gestures at the catoblepas while chanting.
The stone arrow hits the catoblepas!
You pummel the catoblepas!!
The catoblepas is almost dead.
The bullfrog is no longer petrified.
The catoblepas gores you.
* * * LOW HITPOINT WARNING * * *
Henutemipet hits the elephant with a +0 quarterstaff!
Unknown command.
You pummel the catoblepas!!
You kill the catoblepas!
The elephant tramples you but does no damage.
The elephant trunk-slaps you but does no damage.
Unknown command.
You smack the cane toad!
The cane toad is moderately wounded.
You feel less wooden.
You turn into an enormous anaconda.
Henutemipet hits the elephant with a +0 quarterstaff.
The cane toad stings you but does no damage.
The elephant barely misses you. The elephant closely misses you.
As you read the scroll of teleportation, it crumbles to dust.
You feel strangely unstable. The cane toad stings you!
You die...

........# ........## #.#
.........# ### ..... #.....R.##
#.## ....# #.......####..##
#....# .........#.....####....##
.........#.......#l.....##
...............##FYY.....##
#...............S#........#
...............†RYSY.....P#
#................#YY......###
........#......#.#Y.......#.#####
.........#.....######.#.#........
(.......##....## #..............
..............# ##.............
P.......##....# ##.........)...
#.......##....# #..##...#....#


You could see the friendly Henutemipet the battlemage, 3 elephants, 4 yaks, a
cane toad, a basilisk and a water moccasin.

Vanquished Creatures
  2 hydras
  A catoblepas (Lair:3)
  2 two-headed ogres
  A centaur warrior (D:11)
  2 boulder beetles
  Nergalle (Lair:2)
  Pikel (D:3)
  An ugly thing (D:8)
  3 elephants
  3 black mambas
  Maggie (D:8)
  An unseen horror (D:11)
  5 cane toads
  A gargoyle (D:8)
  2 trolls
  Prince Ribbit (D:6)
  A shadow (D:12)
  6 wyverns
  2 spriggans (Bailey)
  2 wraiths
  21 yaks
  A vampire (D:6)
  A basilisk (Lair:3)
  Grum (D:8)
  2 steam dragons (D:7)
  Menkaure (D:4)
  4 vampire mosquitoes (D:11)
  2 nagas (Lair:3)
  4 acid dragons
  3 water moccasins
  An ice beast (D:6)
  6 orc warriors
  4 wolves
  5 ogres
  5 sky beasts
  A lemure (D:4)
  5 centaurs
  6 bullfrogs
  A kobold brigand (D:8)
  Blork the orc (D:4)
  2 gnoll sergeants
  10 wights
  4 killer bees
  4 electric eels
  3 howler monkeys
  3 quasits (D:4)
  A jelly (D:7)
  8 orc priests
  2 hounds
  Ijyb (D:3)
  5 iguanas
  A sleepcap (D:6)
  9 orc wizards
  10 gnolls
  8 adders
  3 shadow imps
  2 white imps (D:7)
  An ufetubus (D:4)
  2 worms
  2 dart slugs
  56 orcs
  7 ball pythons
  4 bats
  5 endoplasms
  3 giant cockroaches
  8 goblins
  8 hobgoblins
  13 kobolds
  3 quokkas
  6 frilled lizards
  A rat (D:2)
  A spectral orc (D:5)
310 creatures vanquished.

Vanquished Creatures (collateral kills)
  A hydra (Lair:2)
  2 two-headed ogres
  A bog body (Lair:2)
  7 elephants
  A black mamba (Lair:1)
  2 cane toads
  A komodo dragon (D:9)
  A rime drake (Lair:1)
  4 yaks
  A vampire mosquito (D:10)
  A naga (Lair:3)
  6 water moccasins
  2 ogres (Bailey)
  2 wolves (Lair:2)
  A kobold brigand (D:11)
  4 bullfrogs
  3 killer bees
  3 orc priests
  2 orc wizards (D:10)
  12 orcs
  4 kobolds
61 creatures vanquished.

Vanquished Creatures (others)
  4 battlemagi
  6 ancestors
10 creatures vanquished.

Grand Total: 381 creatures vanquished

Notes
Turn   | Place    | Note
-------+----------+-------------------------------------------
     0 | D:1      | LeprechaunX the Octopode Shapeshifter began the quest for
                  | the Orb.
     0 | D:1      | Reached XP level 1. HP: 13/13 MP: 1/1
   202 | D:1      | Reached XP level 2. HP: 15/18 MP: 2/2
  1193 | D:2      | Reached XP level 3. HP: 23/23 MP: 3/3
  1554 | D:3      | Noticed Ijyb
  1574 | D:3      | Killed Ijyb
  1575 | D:3      | Reached XP level 4. HP: 13/29 MP: 1/4
  1764 | D:3      | Reached skill level 4 in Unarmed Combat
  1808 | D:3      | Got the Papyrus of the Impact
  1855 | D:3      | Found a runed translucent door.
  1856 | D:3      | Noticed Crazy Yiuf
  1908 | D:3      | Got the Grimoire of the Spider
  2161 | D:3      | Reached XP level 5. HP: 32/34 MP: 5/5
  2344 | D:4      | Reached skill level 1 in Spellcasting
  2344 | D:4      | Reached XP level 6. HP: 30/41 MP: 2/7
  2396 | D:4      | Learned a level 3 spell: Dazzling Flash
  2427 | D:4      | Noticed Menkaure
  2610 | D:4      | Noticed Blork the orc
  2622 | D:4      | Killed Blork the orc
  2715 | D:5      | Entered Level 5 of the Dungeon
  2822 | D:5      | Found a basalt altar of Yredelemnul.
  2903 | D:5      | Reached skill level 5 in Unarmed Combat
  2908 | D:5      | Reached XP level 7. HP: 24/45 MP: 4/9
  3352 | D:5      | Found a staircase to the Ecumenical Temple.
  3400 | Temple   | Entered the Ecumenical Temple
  3419 | Temple   | Became a worshipper of Hepliaklqana the Forgotten
  3858 | D:4      | Killed Menkaure
  3915 | D:5      | Reached XP level 8. HP: 46/52 MP: 9/11
  4185 | D:4      | Found a blossoming altar of Fedhas.
  4185 | D:4      | Found a radiant altar of Vehumet.
  4224 | D:4      | Noticed Pikel
  4269 | D:3      | Killed Pikel
  4270 | D:3      | Reached skill level 6 in Unarmed Combat
  4270 | D:3      | Reached skill level 5 in Shapeshifting
  4726 | D:6      | Noticed Prince Ribbit
  4737 | D:6      | Killed Prince Ribbit
  4738 | D:6      | Reached skill level 7 in Unarmed Combat
  4738 | D:6      | Reached XP level 9. HP: 47/59 MP: 9/14
  4910 | D:6      | Reached skill level 5 in Dodging
  5047 | D:6      | Noticed a troll
  5375 | D:7      | Reached * piety under Hepliaklqana
  5664 | D:7      | Reached skill level 5 in Fighting
  5839 | D:7      | Noticed a troll
  5910 | D:6      | Killed a troll
  6190 | D:6      | Reached skill level 8 in Unarmed Combat
  6379 | D:7      | Reached XP level 10. HP: 25/59 MP: 9/16
  6947 | D:8      | Noticed a purple ugly thing
  6964 | D:8      | Noticed Grum
  6978 | D:8      | Killed Grum
  7178 | D:8      | Noticed a gargoyle
  7183 | D:8      | Killed a gargoyle
  7432 | D:8      | Noticed Maggie
  7441 | D:8      | Killed Maggie
  7456 | D:8      | Found a flagged portal.
  7465 | Bailey   | Entered a bailey
  7544 | Bailey   | Reached skill level 9 in Unarmed Combat
  7547 | Bailey   | Reached skill level 5 in Spellcasting
  7582 | Bailey   | Noticed a two-headed ogre
  7586 | Bailey   | HP: 2/61 [two-headed ogre/+0 halberd (8)]
  7596 | Bailey   | Killed a two-headed ogre
  8482 | D:8      | Killed a purple ugly thing
  8483 | D:8      | Reached XP level 11. HP: 60/66 MP: 15/19
  8507 | D:8      | Found an ancient bone altar of Kikubaaqudgha.
  9204 | D:9      | Noticed a two-headed ogre
  9209 | D:9      | HP: 3/70 [two-headed ogre/+0 giant spiked club (11)]
  9216 | D:10     | Entered Level 10 of the Dungeon
  9739 | D:9      | Reached ** piety under Hepliaklqana
  9740 | D:9      | Remembered your ancestor Henutemipet as a battlemage
  9752 | D:9      | Found a staircase to the Lair.
  9820 | D:9      | Killed a two-headed ogre
  9821 | D:9      | Reached skill level 1 in Hexes
  9998 | D:10     | Reached skill level 10 in Unarmed Combat
 10584 | D:10     | Noticed a two-headed ogre
 10678 | D:10     | Found a staircase to the Orcish Mines.
 10789 | D:10     | Killed a two-headed ogre
 10790 | D:10     | Reached skill level 1 in Invocations
 10821 | D:10     | Noticed a boulder beetle
 10837 | D:10     | Killed a boulder beetle
 11276 | D:10     | You fall into a shaft and drop 3 floors!
 11284 | D:13     | Noticed a centaur warrior
 11353 | D:12     | Noticed a deep elf pyromancer
 11354 | D:12     | Found a transporter.
 11356 | D:12     | Found a transporter.
 11357 | D:12     | Noticed knightboat's ghost (journeyman DrCj)
 11357 | D:12     | Noticed a boulder beetle
 11359 | D:12     | Noticed a manticore
 11390 | D:11     | Noticed a centaur warrior
 11403 | D:11     | Killed a centaur warrior
 11404 | D:11     | Noticed a two-headed ogre
 11595 | D:11     | Killed a two-headed ogre
 11596 | D:11     | Reached XP level 12. HP: 65/72 MP: 15/21
 12355 | D:11     | Reached skill level 11 in Unarmed Combat
 12415 | D:11     | Found Wuaham's Weapon Boutique.
 12571 | D:11     | Reached *** piety under Hepliaklqana
 12772 | Lair:1   | Entered Level 1 of the Lair of Beasts
 13559 | Lair:1   | Found an ancient bone altar of Kikubaaqudgha.
 13830 | Lair:2   | Noticed a boulder beetle
 13839 | Lair:2   | Killed a boulder beetle
 13919 | Lair:2   | Reached XP level 13. HP: 76/79 MP: 18/22
 14198 | Lair:2   | Reached **** piety under Hepliaklqana
 14227 | Lair:2   | Found a staircase to the Swamp.
 14234 | Lair:2   | Reached skill level 12 in Unarmed Combat
 14671 | Lair:2   | Reached skill level 5 in Invocations
 14671 | Lair:2   | Reached skill level 10 in Shapeshifting
 14797 | Lair:2   | Noticed Nergalle
 14811 | Lair:2   | Killed Nergalle
 15591 | Lair:3   | Reached skill level 5 in Hexes
 15600 | Lair:3   | Found a staircase to the Snake Pit.
 15894 | Lair:3   | HP: 4/121 [catoblepas/blast of calcifying dust (8)]
 15914 | Lair:3   | Slain by a cane toad

Illustrated notes

Levels and vault maps discovered:
D:1:      arrival_zaba_pyramid, layout_basic
D:2:      layout_rooms
D:3:      layout_basic, grunt_ministairs_5, uniq_ijyb, uniq_crazy_yiuf_cottage
D:4:      layout_cave_pools, gammafunk_temple_overflow_elements, serial_demonic,
          serial_demonic_a, serial_demonic_c, serial_demonic_e,
          serial_demonic_g, chequers_garden, uniq_pikel, uniq_blork_the_orc,
          uniq_menkaure
D:5:      layout_basic, yredelemnul_forgotten_temple_becter,
          minmay_temple_entry_sparse_star, nrook_pool_corridor,
          interstate_on_off, hangedman_decor_diamond_cutter
D:6:      kennysheep_big_flooded_room, layout_rooms, uniq_prince_ribbit1
D:7:      cheibrodos_steamvent, layout_cave_pods
D:8:      layout_loops_cross, mainiacjoe_overflow_catwalk,
          serial_co_window_serial, co_window_corner_a, co_window_paths_a,
          co_window_paths_b, co_window_paths_a, co_window_paths_a,
          co_window_paths_a, co_window_corner_a, co_window_of_opportunity_b,
          co_window_broadway_b, co_window_cross_4, co_window_corner_b,
          co_window_of_opportunity_c, co_window_paths_d, glass_columns_a,
          glass_columns_a, glass_columns_c, glass_columns_a, glass_columns_b,
          enter_bailey_3, special_room [special_room_orc],
          nicolae_ossuary_entry_ruins, uniq_grum, uniq_maggie
D:9:      layout_cave_pools, david_lair_shrubbed
D:10:     layout_gridville, erik_orc_2, abandoned_shop,
          minmay_fractal_squares_diagonal_5
D:11:     layout_loops_ring, serial_shops, shop
D:12:     lemuel_insect_pit, layout_loops_ring, gammafunk_ghost_arena,
          uniq_azrael
D:13:     layout_gridville
Temple:   mainiacjoe_temple_bowtie_tessellation
Lair:1:   layout_cave_shapes, basic_altar, infiniplex_staircase_pool_2
Lair:2:   dpeg_oklob_shooting_range, layout_cave_pods,
          skrybe_swamp_entry_bodies, uniq_nergalle
Lair:3:   layout_gridlike, guppyfry_snake_entry_garden, minivault_23,
          beast_lair_carwin_5

Skill      XL: |  1  2  3  4  5  6  7  8  9 10 11 12 13 |
---------------+----------------------------------------+-----
Unarmed Combat | 4 5 7 8 9 10 11 12 | 12.4
Fighting       | 2 3 4 5 6 7 8 |  8.8
Dodging        | 3 4 5 6 7 8 9 |  9.0
Spellcasting   | 1 2 3 4 5 6 |  6.0
Shapeshifting  | 4 5 6 7 8 9 10 | 10.3
Hexes          | 2 4 5 |  5.2
Invocations    | 2 4 5 |  5.5

Action                     |  1- 3 |  4- 6 |  7- 9 | 10-12 | 13-15 || total
---------------------------+-------+-------+-------+-------+-------++-------
  Melee: Unarmed           |    62 |    87 |   184 |   424 |   117 ||   874
         Constrict         |    11 |    18 |    42 |    92 |    21 ||   184
         Tentacles         |     7 |    14 |    47 |    18 |       ||    86
         Punch             |       |     2 |    17 |     1 |     4 ||    24
 Invoke: Recall Ancestor   |       |       |       |     3 |     1 ||     4
         Ancestor Life: Ba |       |       |       |     1 |       ||     1
  Evoke: Wand              |       |       |     2 |    17 |       ||    19
    Use: Potion            |     1 |       |       |     1 |     3 ||     5
         Scroll            |       |       |     2 |     8 |     1 ||    11
   Stab: Sleeping          |     3 |     7 |     5 |     3 |       ||    18
         Distracted        |       |       |     2 |     9 |       ||    11
 Armour: Skin              |    12 |    49 |    33 |   144 |   111 ||   349
  Dodge: Dodged            |    27 |    89 |   118 |   230 |    78 ||   542
   Form: Anaconda          |       |       |       |     1 |       ||     1

Table legend: (Time is in decaauts)
 A = Elapsed time spent in this place.
 B = Non-inter-level travel time spent in this place.
 C = Inter-level travel time spent in this place.
 D = Time resting spent in this place.
 E = Time spent auto-exploring this place.
 F = Levels seen in this place.
 G = Mean time per level.
                   A        B        C        D        E       F      G
               +--------+--------+--------+--------+--------+-----+--------+
         Total |  15784 |  14614 |   1170 |   2825 |   8683 |  18 |  876.9 |
       Dungeon |  12000 |  10948 |   1052 |   1626 |   6784 |  13 |  923.1 |
        Temple |     36 |      1 |     35 |      0 |      0 |   1 |   36.0 |
          Lair |   3095 |   3013 |     82 |    752 |   1868 |   3 | 1031.7 |
        Bailey |    651 |    651 |      0 |    447 |     31 |   1 |  651.0 |
               +--------+--------+--------+--------+--------+-----+--------+

Top non-repeatable levels by time:
  Lair:2: 1716 daAuts
    D:10: 1663 daAuts
     D:8: 1444 daAuts
     D:5: 1424 daAuts
     D:7: 1213 daAuts
     D:1: 1061 daAuts
  Lair:1: 1043 daAuts
     D:6: 895 daAuts
     D:3: 884 daAuts
     D:4: 867 daAuts
    D:11: 837 daAuts
     D:9: 815 daAuts
  Bailey: 651 daAuts
     D:2: 487 daAuts
    D:12: 379 daAuts
